Devils vs Blues

Created - 20 novembre 2017 at 17:39

Goals
1 2 3 OT1 SO T
Devils 1 2 2 0 1 5
Blues 2 0 3 0 2 6
Shots
1 2 3 OT1 SO T
Devils 11 7 7 8 4 33
Blues 14 14 11 2 4 41

1st period

1. Devils , Nikolay Kulemin 5 (Shayne Gostisbehere 11, Dougie Hamilton 11) at 1:36
2. Blues , Cal Clutterbuck 4 (Jay Bouwmeester 11, Mike Fisher 13) at 10:07
3. Blues , John-Michael Liles 3 (Brian Gionta 9, Matt Irwin 6) at 16:02

Penalties :
Dougie Hamilton (NJD) for Charging (Minor) at 5:01

2nd period

4. Devils , Drew Stafford 2 (Darren Helm 2, Nikolay Kulemin 2) at 4:26
5. Devils , Jordan Staal 4 (Mike Cammalleri 7) at 14:12

Penalties :
No Penalty

3rd period

6. Blues , Michael Raffl 5 (Nick Cousins 12, Niklas Kronwall 7) at 4:27
7. Devils , Drew Stafford 3 (Nikolay Kulemin 3, Darren Helm 3) at 6:19
8. Blues , Jay Bouwmeester 5 (Kris Versteeg 10, Nick Cousins 13) at 9:35
9. Blues , Mike Fisher 6 (Marian Hossa 11, Matt Irwin 7) at 12:49
10. Devils , Mike Cammalleri 9 (Dustin Brown 8, Jordan Staal 6) at 18:47

Penalties :
No Penalty

Overtime #1

No Goal

Penalties :
No Penalty

Shootout

Penalty Shot by Jordan Staal for Devils - Goal!
Penalty Shot by Mike Fisher for Blues - Goal!
Penalty Shot by Dustin Brown for Devils - Stopped by Ryan Miller
Penalty Shot by Marian Hossa for Blues - Stopped by Jon Gillies
Penalty Shot by Mike Cammalleri for Devils - Stopped by Ryan Miller
Penalty Shot by Brian Gionta for Blues - Shot Misses the Net
Penalty Shot by Darren Helm for Devils - Shot Misses the Net
Penalty Shot by Rick Nash for Blues - Goal!

Penalties :
No Penalty

Goalie Stats

Jon Gillies (NJD), 36 saves from 41 shots - (0.878), OTL, 2-0-1, 65:00 minutes
Ryan Miller (STL), 28 saves from 33 shots - (0.848), W, 2-2-0, 65:00 minutes

Players Stats for Devils

Player Name              G  A  P  +/- PIM S  H  SB GA TA FO     MP     PP MP  PK MP  
------------------------------------------------------------------------------------
Adam Pardy               0  0  0   1  0   0  4  0  0  0  0/0    17:15   0:00   0:00 
Ales Hemsky              0  0  0  -2  0   2  0  0  0  0  1/1    12:43   0:00   0:00 
Anton Stralman           0  0  0  -1  0   1  3  3  0  0  0/0    26:01   0:00   1:18 
Boyd Gordon              0  0  0  -2  0   0  1  0  0  0  13/18  13:37   0:00   0:54 
Chris Terry              0  0  0  -1  0   0  0  0  0  0  1/1     9:28   0:00   0:03 
Darren Helm              0  2  2   2  0   1  2  1  0  0  10/17  18:36   0:00   0:54 
Dougie Hamilton          0  1  1   0  2   1  2  1  0  0  0/0    20:22   0:00   0:00 
Drew Stafford            2  0  2   2  0   7  1  0  0  0  0/0    17:00   0:00   0:00 
Dustin Brown             0  1  1   1  0   4  0  0  0  0  1/2    23:04   0:00   1:02 
Jakub Kindl              0  0  0   1  0   0  0  1  0  0  0/0    17:56   0:00   0:41 
Jordan Staal             1  1  2   1  0   6  1  1  0  0  19/29  23:20   0:00   1:05 
Justin Schultz           0  0  0  -1  0   1  4  2  0  0  0/0    24:18   0:00   0:56 
Miikka Salomaki          0  0  0  -1  0   0  1  0  0  0  0/1     9:25   0:00   0:00 
Mike Cammalleri          1  1  2   1  0   5  0  0  0  0  4/6    22:04   0:00   0:00 
Nikolay Kulemin          1  2  3   2  0   3  1  1  0  0  0/2    16:36   0:00   0:00 
Pavel Zacha              0  0  0  -1  0   1  0  1  0  0  7/13    9:25   0:00   0:00 
Scott Wilson             0  0  0  -2  0   1  2  0  0  0  0/0    12:43   0:00   0:00 
Shayne Gostisbehere      0  1  1   0  0   0  1  1  0  0  0/0    19:07   0:00   1:03 

Players Stats for Blues

Player Name              G  A  P  +/- PIM S  H  SB GA TA FO     MP     PP MP  PK MP  
------------------------------------------------------------------------------------
Brian Flynn              0  0  0  -1  0   1  1  0  0  0  0/1    17:37   0:34   0:00 
Brian Gionta             0  1  1  -1  0   3  0  0  0  0  0/1    20:32   0:43   0:00 
Cal Clutterbuck          1  0  1   0  0   3  0  0  0  0  0/2     8:03   0:00   0:00 
Carl Gunnarsson          0  0  0  -2  0   0  0  0  0  0  0/0    16:30   0:00   0:00 
Chris Wideman            0  0  0  -2  0   0  1  0  0  0  0/0    16:39   0:09   0:00 
Clarke MacArthur         0  0  0   0  0   1  0  1  0  0  0/0     7:53   0:00   0:00 
Jay Bouwmeester          1  1  2   1  0   1  0  2  0  0  0/0    27:37   1:16   0:00 
Jay McClement            0  0  0  -1  0   3  1  0  0  0  11/24  17:37   0:34   0:00 
Jiri Hudler              0  0  0   0  0   0  0  0  0  0  0/0     2:42   0:09   0:00 
John-Michael Liles       1  0  1   1  0   2  0  0  0  0  0/0    18:39   0:43   0:00 
Kris Versteeg            0  1  1   0  0   6  2  0  0  0  2/2    17:04   0:09   0:00 
Marian Hossa             0  1  1   1  0   3  0  0  0  0  0/4    20:12   1:16   0:00 
Matt Irwin               0  2  2   0  0   2  0  1  0  0  0/0    19:43   0:34   0:00 
Michael Raffl            1  0  1   0  0   2  1  0  0  0  0/1    16:13   0:00   0:00 
Mike Fisher              1  1  2   1  0   6  5  0  0  0  12/31  26:29   1:16   0:00 
Nick Cousins             0  2  2   0  0   2  0  1  0  0  9/23   16:13   0:00   0:00 
Niklas Kronwall          0  1  1   2  0   0  2  0  0  0  0/0    25:52   1:16   0:00 
Rick Nash                0  0  0   1  0   6  0  0  0  0  0/1    19:25   1:16   0:00 

3 Stars

1 - Nikolay Kulemin (NJD)
2 - Drew Stafford (NJD)
3 - Mike Fisher (STL)

Power Play

Devils - 0 on 0 Attempt(s) - 0.00%
Blues - 0 on 1 Attempt(s) - 0.00%

Penalty Kill

Devils - 1 on 1 Attempt(s) - 100.00% - Score 0 goal in Penalty Kill
Blues - 0 on 0 Attempt(s) - 0.00% - Score 0 goal in Penalty Kill

Team Stat

Devils - Hits : 23 - Faceoff Wins : 56 - Blocked Shots : 12 - Penalty Minutes : 2
Blues - Hits : 13 - Faceoff Wins : 34 - Blocked Shots : 5 - Penalty Minutes : 0

Official

Referees : Dennis LaRue and Dave Lewis
Linesman : John Grandt and Brad Lazarowich

Game Notes

No Game Note

Finance

Level 1 -- Attendance: 5750 (88.46%) -- Ticket Income 580 750 $
Level 2 -- Attendance: 3754 (75.08%) -- Ticket Income 319 090 $
Level 3 -- Attendance: 2883 (82.37%) -- Ticket Income 172 980 $
Level 4 -- Attendance: 2220 (70.48%) -- Ticket Income 99 900 $
Luxury Box -- Attendance: 921 (92.10%) -- Ticket Income 184 200 $
Game was played at the Scottrade Center.
Total Attendance: 15528 (81.09%)
Total Ticket Income: 1 356 920 $
Other Income: 203 538 $
Total Income: 1 560 458 $

% Time on Ice - Devils

Lines # - Real PCT - Wanted PCT - Time Play
Normal Forward
1 - 34% - 40% - 20:00
2 - 27% - 30% - 15:53
3 - 22% - 20% - 12:43
4 - 16% - 10% - 9:25
Normal Defense
1 - 37% - 40% - 21:30
2 - 31% - 30% - 18:04
3 - 30% - 30% - 17:15
4 - 2% - 0% - 1:12
PP Forward
1 - 0% - 50%
2 - 0% - 50%
PP Defense
1 - 0% - 50%
2 - 0% - 50%
PK Forward
1 - 55% - 50% - 1:05
2 - 45% - 50% - 0:54
PK Defense
1 - 45% - 50% - 0:53
2 - 55% - 50% - 1:06
PK3 Forward
1 - 0% - 60%
2 - 0% - 40%
PK3 Defense
1 - 0% - 60%
2 - 0% - 40%
44 Forward
1 - 0% - 50%
2 - 0% - 50%
44 Defense
1 - 0% - 50%
2 - 0% - 50%
Last Minute Offensive  - 0:00
Last Minute Defensive  - 0:00
Total
Forward - 60:00
Defense - 60:00

% Time on Ice - Blues

Lines # - Real PCT - Wanted PCT - Time Play
Normal Forward
1 - 29% - 40% - 16:52
2 - 29% - 30% - 17:03
3 - 28% - 20% - 16:13
4 - 14% - 10% - 7:53
Normal Defense
1 - 38% - 40% - 22:07
2 - 29% - 30% - 17:00
3 - 28% - 20% - 16:30
4 - 4% - 10% - 2:24
PP Forward
1 - 64% - 60% - 1:16
2 - 36% - 40% - 0:43
PP Defense
1 - 64% - 60% - 1:16
2 - 36% - 40% - 0:43
PK Forward
1 - 0% - 60%
2 - 0% - 40%
PK Defense
1 - 0% - 60%
2 - 0% - 40%
PK3 Forward
1 - 0% - 60%
2 - 0% - 40%
PK3 Defense
1 - 0% - 60%
2 - 0% - 40%
44 Forward
1 - 0% - 60%
2 - 0% - 40%
44 Defense
1 - 0% - 60%
2 - 0% - 40%
Last Minute Offensive  - 0:00
Last Minute Defensive  - 0:00
Total
Forward - 60:00
Defense - 60:00

Play by Play

1st period


0:01 of 1st period - Jordan Staal wins face-off versus Mike Fisher in neutral zone.
0:18 of 1st period - Shot by Mike Cammalleri.
0:18 of 1st period - Stopped by Ryan Miller without a rebound.
0:19 of 1st period - Darren Helm wins face-off versus Jay McClement in Blues zone.
0:30 of 1st period - Shot by Darren Helm.
0:30 of 1st period - Stopped by Ryan Miller without a rebound.
0:31 of 1st period - Boyd Gordon wins face-off versus Nick Cousins in Blues zone.
0:34 of 1st period - Shot by Ales Hemsky.
0:34 of 1st period - Stopped by Ryan Miller without a rebound.
0:35 of 1st period - Mike Fisher wins face-off versus Pavel Zacha in Blues zone.
0:35 of 1st period - Mike Fisher is hit by Miikka Salomaki.
0:55 of 1st period - Shot by Clarke MacArthur.
0:55 of 1st period - Shot Blocked by Pavel Zacha.
0:57 of 1st period - Shot by Cal Clutterbuck.
0:57 of 1st period - Shot Misses the Net.
0:59 of 1st period - Shot by Mike Fisher.
0:59 of 1st period - Shot Hit the Post.
1:01 of 1st period - Shot by Jay Bouwmeester.
1:01 of 1st period - Shot Misses the Net.
1:30 of 1st period - Icing by Carl Gunnarsson.
1:31 of 1st period - Darren Helm wins face-off versus Nick Cousins in Blues zone.
1:36 of 1st period - Shot by Nikolay Kulemin.
1:36 of 1st period - Goal by Nikolay Kulemin - Devils : 1 - Blues : 0.
1:37 of 1st period - Boyd Gordon wins face-off versus Jay McClement in neutral zone.
1:46 of 1st period - Shot by Ales Hemsky.
1:46 of 1st period - Stopped by Ryan Miller without a rebound.
1:47 of 1st period - Jordan Staal wins face-off versus Mike Fisher in Blues zone.
2:14 of 1st period - Jordan Staal is hit by Mike Fisher and loses puck.
2:54 of 1st period - Shot by Brian Flynn.
2:54 of 1st period - Stopped by Jon Gillies without a rebound.
2:55 of 1st period - Nick Cousins wins face-off versus Nikolay Kulemin in Devils zone.
3:15 of 1st period - Shot by Kris Versteeg.
3:15 of 1st period - Stopped by Jon Gillies without a rebound.
3:16 of 1st period - Boyd Gordon wins face-off versus Brian Gionta in Devils zone.
3:59 of 1st period - Shot by Nikolay Kulemin.
3:59 of 1st period - Deflect By Drew Stafford.
3:59 of 1st period - Stopped by Ryan Miller with a rebound.
4:08 of 1st period - Shot by Nikolay Kulemin.
4:08 of 1st period - Shot Misses the Net.
4:22 of 1st period - Shot by Nikolay Kulemin.
4:22 of 1st period - Stopped by Ryan Miller without a rebound.
4:23 of 1st period - Mike Cammalleri wins face-off versus Mike Fisher in Blues zone.
4:33 of 1st period - Dougie Hamilton is hit by Mike Fisher and loses puck.
4:40 of 1st period - Shot by Mike Fisher.
4:40 of 1st period - Shot Misses the Net.
4:56 of 1st period - Shot by Rick Nash.
4:56 of 1st period - Shot Misses the Net.
5:01 of 1st period - Minor Penalty to Dougie Hamilton for Charging.
5:02 of 1st period - Boyd Gordon wins face-off versus Mike Fisher in Devils zone.
5:19 of 1st period - Shot by Marian Hossa.
5:19 of 1st period - Stopped by Jon Gillies without a rebound.
5:20 of 1st period - Jordan Staal wins face-off versus Jay McClement in Devils zone.
6:38 of 1st period - Icing by Niklas Kronwall.
6:39 of 1st period - Jordan Staal wins face-off versus Mike Fisher in Blues zone.
7:06 of 1st period - Icing by Nick Cousins.
7:07 of 1st period - Nick Cousins wins face-off versus Pavel Zacha in Blues zone.
7:09 of 1st period - Icing by Kris Versteeg.
7:10 of 1st period - Nick Cousins wins face-off versus Darren Helm in Blues zone.
7:19 of 1st period - Shot by Kris Versteeg.
7:19 of 1st period - Shot Blocked by Nikolay Kulemin.
7:21 of 1st period - Shot by Michael Raffl.
7:21 of 1st period - Deflect By Kris Versteeg.
7:21 of 1st period - Shot Misses the Net.
7:34 of 1st period - Shot by Nick Cousins.
7:34 of 1st period - Stopped by Jon Gillies without a rebound.
7:35 of 1st period - Boyd Gordon wins face-off versus Jay McClement in Devils zone.
7:47 of 1st period - Shot by Jay McClement.
7:47 of 1st period - Stopped by Jon Gillies without a rebound.
7:48 of 1st period - Pavel Zacha wins face-off versus Mike Fisher in Devils zone.
7:52 of 1st period - Off-side.
7:53 of 1st period - Jordan Staal wins face-off versus Nick Cousins in neutral zone.
8:07 of 1st period - Shot by Dustin Brown.
8:07 of 1st period - Stopped by Ryan Miller without a rebound.
8:08 of 1st period - Darren Helm wins face-off versus Mike Fisher in Blues zone.
8:20 of 1st period - Icing by Jay Bouwmeester.
8:21 of 1st period - Mike Cammalleri wins face-off versus Mike Fisher in Blues zone.
8:42 of 1st period - Shot by Mike Cammalleri.
8:42 of 1st period - Shot Blocked by Jay Bouwmeester.
9:22 of 1st period - Brian Gionta is hit by Justin Schultz and loses puck.
9:57 of 1st period - Off-side.
9:58 of 1st period - Mike Fisher wins face-off versus Boyd Gordon in neutral zone.
9:58 of 1st period - Mike Fisher is hit by Scott Wilson.
10:07 of 1st period - Shot by Cal Clutterbuck.
10:07 of 1st period - Goal by Cal Clutterbuck - Devils : 1 - Blues : 1.
10:08 of 1st period - Nick Cousins wins face-off versus Pavel Zacha in neutral zone.
10:11 of 1st period - Shot by Michael Raffl.
10:11 of 1st period - Shot Misses the Net.
11:02 of 1st period - Rick Nash is hit by Jordan Staal and loses puck.
11:08 of 1st period - Off-side.
11:09 of 1st period - Boyd Gordon wins face-off versus Jay McClement in neutral zone.
12:25 of 1st period - Shot by Marian Hossa.
12:25 of 1st period - Deflect By Rick Nash.
12:25 of 1st period - Stopped by Jon Gillies without a rebound.
12:26 of 1st period - Mike Fisher wins face-off versus Jordan Staal in Devils zone.
12:36 of 1st period - Jordan Staal is hit by Chris Wideman and loses puck.
12:41 of 1st period - Shot by Jordan Staal.
12:41 of 1st period - Stopped by Ryan Miller without a rebound.
12:42 of 1st period - Darren Helm wins face-off versus Nick Cousins in Blues zone.
12:42 of 1st period - Darren Helm is hit by Niklas Kronwall.
13:09 of 1st period - Icing by Dougie Hamilton.
13:10 of 1st period - Mike Fisher wins face-off versus Darren Helm in Devils zone.
13:50 of 1st period - Off-side.
13:51 of 1st period - Jordan Staal wins face-off versus Jay McClement in neutral zone.
14:33 of 1st period - Icing by Adam Pardy.
14:34 of 1st period - Nick Cousins wins face-off versus Mike Cammalleri in Devils zone.
14:41 of 1st period - Shot by Kris Versteeg.
14:41 of 1st period - Shot Blocked by Jakub Kindl.
14:46 of 1st period - Off-side.
14:47 of 1st period - Boyd Gordon wins face-off versus Mike Fisher in neutral zone.
15:18 of 1st period - Shot by Scott Wilson.
15:18 of 1st period - Stopped by Ryan Miller without a rebound.
15:19 of 1st period - Pavel Zacha wins face-off versus Nick Cousins in Blues zone.
15:52 of 1st period - Shot by Kris Versteeg.
15:52 of 1st period - Stopped by Jon Gillies without a rebound.
15:53 of 1st period - Jay McClement wins face-off versus Jordan Staal in Devils zone.
15:58 of 1st period - Shot by Brian Gionta.
15:58 of 1st period - Stopped by Jon Gillies with a rebound.
16:00 of 1st period - Shot by John-Michael Liles.
16:00 of 1st period - Shot Misses the Net.
16:02 of 1st period - Shot by John-Michael Liles.
16:02 of 1st period - Goal by John-Michael Liles - Devils : 1 - Blues : 2.
16:03 of 1st period - Mike Fisher wins face-off versus Darren Helm in neutral zone.
16:05 of 1st period - Rick Nash is hit by Adam Pardy and loses puck.
17:07 of 1st period - Shot by Jay Bouwmeester.
17:07 of 1st period - Shot Misses the Net.
17:09 of 1st period - Shot by Jay Bouwmeester.
17:09 of 1st period - Shot Hit the Post.
17:11 of 1st period - Shot by Brian Gionta.
17:11 of 1st period - Stopped by Jon Gillies with a rebound.
17:13 of 1st period - Shot by Brian Gionta.
17:13 of 1st period - Shot Blocked by Justin Schultz.
17:15 of 1st period - Shot by Jay McClement.
17:15 of 1st period - Deflect By Brian Gionta.
17:15 of 1st period - Shot Misses the Net.
17:29 of 1st period - Shot by Kris Versteeg.
17:29 of 1st period - Shot Blocked by Anton Stralman.
17:33 of 1st period - Shot by Kris Versteeg.
17:33 of 1st period - Stopped by Jon Gillies with a rebound.
17:35 of 1st period - Shot by Kris Versteeg.
17:35 of 1st period - Shot Blocked by Justin Schultz.
17:37 of 1st period - Shot by Matt Irwin.
17:37 of 1st period - Shot Misses the Net.
17:39 of 1st period - Shot by John-Michael Liles.
17:39 of 1st period - Stopped by Jon Gillies without a rebound.
17:40 of 1st period - Boyd Gordon wins face-off versus Cal Clutterbuck in Devils zone.
17:47 of 1st period - Shot by Cal Clutterbuck.
17:47 of 1st period - Stopped by Jon Gillies without a rebound.
17:48 of 1st period - Mike Fisher wins face-off versus Pavel Zacha in Devils zone.
17:56 of 1st period - Marian Hossa is hit by Dougie Hamilton and loses puck.
18:21 of 1st period - Shot by Mike Fisher.
18:21 of 1st period - Shot Misses the Net.
18:50 of 1st period - Justin Schultz is hit by Kris Versteeg and loses puck.
19:44 of 1st period - Off-side.
19:45 of 1st period - Darren Helm wins face-off versus Mike Fisher in neutral zone.
19:56 of 1st period - Shot by Nikolay Kulemin.
19:56 of 1st period - Deflect By Drew Stafford.
19:56 of 1st period - Stopped by Ryan Miller without a rebound.
19:57 of 1st period - Jay McClement wins face-off versus Jordan Staal in Blues zone.
Goals for this period are 1 for Devils vs 2 for Blues.
Shots for this period are 11 for Devils vs 14 for Blues.

2nd period


0:01 of 2nd period - Jordan Staal wins face-off versus Mike Fisher in neutral zone.
0:18 of 2nd period - Shot by Dustin Brown.
0:18 of 2nd period - Deflect By Mike Cammalleri.
0:18 of 2nd period - Stopped by Ryan Miller with a rebound.
0:56 of 2nd period - Shot by Drew Stafford.
0:56 of 2nd period - Stopped by Ryan Miller without a rebound.
0:57 of 2nd period - Boyd Gordon wins face-off versus Brian Flynn in Blues zone.
1:27 of 2nd period - Brian Gionta is hit by Dougie Hamilton and loses puck.
2:04 of 2nd period - Icing by Jakub Kindl.
2:05 of 2nd period - Mike Fisher wins face-off versus Darren Helm in Devils zone.
2:32 of 2nd period - Shot by Mike Fisher.
2:32 of 2nd period - Stopped by Jon Gillies without a rebound.
2:33 of 2nd period - Jay McClement wins face-off versus Dustin Brown in Devils zone.
2:33 of 2nd period - Jay McClement is hit by Justin Schultz.
2:36 of 2nd period - Brian Gionta is hit by Justin Schultz and loses puck.
2:45 of 2nd period - Shot by Brian Gionta.
2:45 of 2nd period - Shot Misses the Net.
2:54 of 2nd period - Brian Gionta is hit by Anton Stralman and loses puck.
2:57 of 2nd period - Shot by Jay McClement.
2:57 of 2nd period - Shot Misses the Net.
2:59 of 2nd period - Shot by Jay McClement.
2:59 of 2nd period - Stopped by Jon Gillies with a rebound.
3:01 of 2nd period - Shot by Brian Flynn.
3:01 of 2nd period - Shot Misses the Net.
3:32 of 2nd period - Off-side.
3:33 of 2nd period - Boyd Gordon wins face-off versus Mike Fisher in neutral zone.
3:33 of 2nd period - Boyd Gordon is hit by Mike Fisher.
3:46 of 2nd period - Icing by Boyd Gordon.
3:47 of 2nd period - Mike Fisher wins face-off versus Boyd Gordon in Devils zone.
4:14 of 2nd period - Shot by Clarke MacArthur.
4:14 of 2nd period - Stopped by Jon Gillies with a rebound.
4:16 of 2nd period - Shot by Mike Fisher.
4:16 of 2nd period - Stopped by Jon Gillies without a rebound.
4:17 of 2nd period - Darren Helm wins face-off versus Jay McClement in Devils zone.
4:26 of 2nd period - Shot by Drew Stafford.
4:26 of 2nd period - Goal by Drew Stafford - Devils : 2 - Blues : 2.
4:27 of 2nd period - Pavel Zacha wins face-off versus Michael Raffl in neutral zone.
4:27 of 2nd period - Justin Schultz is hit by Kris Versteeg and loses puck.
4:42 of 2nd period - Shot by Michael Raffl.
4:42 of 2nd period - Deflect By Kris Versteeg.
4:42 of 2nd period - Stopped by Jon Gillies without a rebound.
4:43 of 2nd period - Mike Fisher wins face-off versus Jordan Staal in Devils zone.
5:15 of 2nd period - Shot by Marian Hossa.
5:15 of 2nd period - Stopped by Jon Gillies with a rebound.
5:38 of 2nd period - Icing by Jay Bouwmeester.
5:39 of 2nd period - Jay McClement wins face-off versus Nikolay Kulemin in Blues zone.
5:39 of 2nd period - Jay McClement is hit by Drew Stafford.
6:16 of 2nd period - Off-side.
6:17 of 2nd period - Boyd Gordon wins face-off versus Nick Cousins in neutral zone.
6:52 of 2nd period - Off-side.
6:53 of 2nd period - Mike Fisher wins face-off versus Pavel Zacha in neutral zone.
7:27 of 2nd period - Shot by Rick Nash.
7:27 of 2nd period - Stopped by Jon Gillies without a rebound.
7:28 of 2nd period - Jay McClement wins face-off versus Jordan Staal in Devils zone.
7:38 of 2nd period - Icing by Jordan Staal.
7:39 of 2nd period - Jordan Staal wins face-off versus Nick Cousins in Devils zone.
7:47 of 2nd period - Shot by Jordan Staal.
7:47 of 2nd period - Shot Misses the Net.
7:49 of 2nd period - Shot by Dustin Brown.
7:49 of 2nd period - Shot Blocked by Nick Cousins.
7:55 of 2nd period - Shot by Dustin Brown.
7:55 of 2nd period - Shot Misses the Net.
8:17 of 2nd period - Icing by Jay Bouwmeester.
8:18 of 2nd period - Nick Cousins wins face-off versus Darren Helm in Blues zone.
8:52 of 2nd period - Shot by Marian Hossa.
8:52 of 2nd period - Shot Misses the Net.
9:52 of 2nd period - Shot by Jordan Staal.
9:52 of 2nd period - Deflect By Dustin Brown.
9:52 of 2nd period - Stopped by Ryan Miller without a rebound.
9:53 of 2nd period - Jay McClement wins face-off versus Mike Cammalleri in Blues zone.
10:07 of 2nd period - Brian Gionta is hit by Adam Pardy and loses puck.
10:27 of 2nd period - Icing by Adam Pardy.
10:28 of 2nd period - Dustin Brown wins face-off versus Nick Cousins in Devils zone.
11:25 of 2nd period - Shot by Cal Clutterbuck.
11:25 of 2nd period - Shot Misses the Net.
11:27 of 2nd period - Shot by Jay Bouwmeester.
11:27 of 2nd period - Shot Blocked by Dougie Hamilton.
12:13 of 2nd period - Shot by Jay McClement.
12:13 of 2nd period - Shot Misses the Net.
12:35 of 2nd period - Anton Stralman is hit by Mike Fisher and loses puck.
12:56 of 2nd period - Shot by Dustin Brown.
12:56 of 2nd period - Stopped by Ryan Miller without a rebound.
12:57 of 2nd period - Nick Cousins wins face-off versus Boyd Gordon in Blues zone.
12:57 of 2nd period - Nick Cousins is hit by Boyd Gordon.
13:05 of 2nd period - Shot by Nick Cousins.
13:05 of 2nd period - Shot Misses the Net.
14:08 of 2nd period - Shot by Pavel Zacha.
14:08 of 2nd period - Stopped by Ryan Miller without a rebound.
14:09 of 2nd period - Jordan Staal wins face-off versus Jay McClement in Blues zone.
14:12 of 2nd period - Shot by Jordan Staal.
14:12 of 2nd period - Goal by Jordan Staal - Devils : 3 - Blues : 2.
14:13 of 2nd period - Jordan Staal wins face-off versus Mike Fisher in neutral zone.
14:54 of 2nd period - Dustin Brown is hit by Mike Fisher.
16:37 of 2nd period - Shot by Kris Versteeg.
16:37 of 2nd period - Shot Misses the Net.
16:45 of 2nd period - Shot by Nick Cousins.
16:45 of 2nd period - Shot Misses the Net.
16:59 of 2nd period - Shot by Michael Raffl.
16:59 of 2nd period - Stopped by Jon Gillies without a rebound.
17:00 of 2nd period - Chris Terry wins face-off versus Jay McClement in Devils zone.
17:16 of 2nd period - Icing by Matt Irwin.
17:17 of 2nd period - Jay McClement wins face-off versus Jordan Staal in Blues zone.
17:42 of 2nd period - Icing by Shayne Gostisbehere.
17:43 of 2nd period - Jordan Staal wins face-off versus Nick Cousins in Devils zone.
17:43 of 2nd period - Jordan Staal is hit by Michael Raffl.
17:52 of 2nd period - Shot by Michael Raffl.
17:52 of 2nd period - Shot Misses the Net.
17:54 of 2nd period - Shot by Jay Bouwmeester.
17:54 of 2nd period - Shot Misses the Net.
18:33 of 2nd period - Shot by Rick Nash.
18:33 of 2nd period - Stopped by Jon Gillies without a rebound.
18:34 of 2nd period - Jay McClement wins face-off versus Darren Helm in Devils zone.
18:37 of 2nd period - Shot by Brian Gionta.
18:37 of 2nd period - Stopped by Jon Gillies with a rebound.
18:39 of 2nd period - Shot by Matt Irwin.
18:39 of 2nd period - Stopped by Jon Gillies without a rebound.
18:40 of 2nd period - Darren Helm wins face-off versus Mike Fisher in Devils zone.
18:47 of 2nd period - Shot by Rick Nash.
18:47 of 2nd period - Stopped by Jon Gillies without a rebound.
18:48 of 2nd period - Pavel Zacha wins face-off versus Jay McClement in Devils zone.
18:48 of 2nd period - Pavel Zacha is hit by Brian Flynn.
19:09 of 2nd period - Pavel Zacha is hit by Jay McClement and loses puck.
19:17 of 2nd period - Brian Gionta is hit by Adam Pardy and loses puck.
19:35 of 2nd period - Icing by Mike Fisher.
19:36 of 2nd period - Jordan Staal wins face-off versus Mike Fisher in Blues zone.
19:51 of 2nd period - Shot by Mike Fisher.
19:51 of 2nd period - Stopped by Jon Gillies with a rebound.
19:53 of 2nd period - Shot by Marian Hossa.
19:53 of 2nd period - Shot Hit the Post.
19:55 of 2nd period - Shot by Matt Irwin.
19:55 of 2nd period - Shot Blocked by Anton Stralman.
19:57 of 2nd period - Shot by Marian Hossa.
19:57 of 2nd period - Shot Misses the Net.
19:59 of 2nd period - Shot by Rick Nash.
19:59 of 2nd period - Stopped by Jon Gillies without a rebound.
Goals for this period are 2 for Devils vs 0 for Blues.
Shots for this period are 7 for Devils vs 14 for Blues.

3rd period


0:01 of 3rd period - Jordan Staal wins face-off versus Mike Fisher in neutral zone.
0:27 of 3rd period - Mike Fisher is hit by Anton Stralman and loses puck.
1:04 of 3rd period - Shot by Jay McClement.
1:04 of 3rd period - Shot Blocked by Shayne Gostisbehere.
1:10 of 3rd period - Brian Gionta is hit by Nikolay Kulemin and loses puck.
2:28 of 3rd period - Kris Versteeg is hit by Justin Schultz and loses puck.
3:22 of 3rd period - Shot by Marian Hossa.
3:22 of 3rd period - Shot Misses the Net.
4:10 of 3rd period - Jay Bouwmeester is hit by Darren Helm and loses puck.
4:18 of 3rd period - Niklas Kronwall is hit by Adam Pardy and loses puck.
4:23 of 3rd period - Shot by Nick Cousins.
4:23 of 3rd period - Shot Misses the Net.
4:25 of 3rd period - Shot by Nick Cousins.
4:25 of 3rd period - Stopped by Jon Gillies with a rebound.
4:27 of 3rd period - Shot by Michael Raffl.
4:27 of 3rd period - Goal by Michael Raffl - Devils : 3 - Blues : 3.
4:28 of 3rd period - Mike Fisher wins face-off versus Boyd Gordon in neutral zone.
4:38 of 3rd period - Shot by Mike Fisher.
4:38 of 3rd period - Deflect By Marian Hossa.
4:38 of 3rd period - Stopped by Jon Gillies without a rebound.
4:39 of 3rd period - Mike Fisher wins face-off versus Miikka Salomaki in Devils zone.
4:51 of 3rd period - Shot by Dougie Hamilton.
4:51 of 3rd period - Shot Misses the Net.
5:04 of 3rd period - Shot by Chris Terry.
5:04 of 3rd period - Shot Blocked by Clarke MacArthur.
5:40 of 3rd period - Shot by Jordan Staal.
5:40 of 3rd period - Shot Misses the Net.
5:42 of 3rd period - Shot by Justin Schultz.
5:42 of 3rd period - Shot Misses the Net.
5:44 of 3rd period - Shot by Justin Schultz.
5:44 of 3rd period - Shot Misses the Net.
5:46 of 3rd period - Shot by Dustin Brown.
5:46 of 3rd period - Shot Misses the Net.
6:19 of 3rd period - Shot by Drew Stafford.
6:19 of 3rd period - Goal by Drew Stafford - Devils : 4 - Blues : 3.
6:20 of 3rd period - Boyd Gordon wins face-off versus Jay McClement in neutral zone.
7:01 of 3rd period - Off-side.
7:02 of 3rd period - Nick Cousins wins face-off versus Jordan Staal in neutral zone.
7:42 of 3rd period - Icing by Justin Schultz.
7:43 of 3rd period - Jay McClement wins face-off versus Jordan Staal in Devils zone.
7:44 of 3rd period - Shot by Matt Irwin.
7:44 of 3rd period - Stopped by Jon Gillies with a rebound.
7:46 of 3rd period - Shot by Brian Flynn.
7:46 of 3rd period - Shot Blocked by Anton Stralman.
8:45 of 3rd period - Shot by Drew Stafford.
8:45 of 3rd period - Stopped by Ryan Miller with a rebound.
8:49 of 3rd period - Shot by Nikolay Kulemin.
8:49 of 3rd period - Shot Misses the Net.
9:19 of 3rd period - Shot by Nick Cousins.
9:19 of 3rd period - Deflect By Kris Versteeg.
9:19 of 3rd period - Stopped by Jon Gillies without a rebound.
9:20 of 3rd period - Nick Cousins wins face-off versus Pavel Zacha in Devils zone.
9:21 of 3rd period - Shot by Kris Versteeg.
9:21 of 3rd period - Shot Misses the Net.
9:23 of 3rd period - Shot by Jay Bouwmeester.
9:23 of 3rd period - Shot Misses the Net.
9:35 of 3rd period - Shot by Jay Bouwmeester.
9:35 of 3rd period - Goal by Jay Bouwmeester - Devils : 4 - Blues : 4.
9:36 of 3rd period - Boyd Gordon wins face-off versus Mike Fisher in neutral zone.
11:05 of 3rd period - Shot by Jay McClement.
11:05 of 3rd period - Stopped by Jon Gillies without a rebound.
11:06 of 3rd period - Jordan Staal wins face-off versus Nick Cousins in Devils zone.
11:15 of 3rd period - Shot by Nick Cousins.
11:15 of 3rd period - Shot Misses the Net.
11:29 of 3rd period - Shot by Michael Raffl.
11:29 of 3rd period - Shot Misses the Net.
11:42 of 3rd period - Icing by Anton Stralman.
11:43 of 3rd period - Jay McClement wins face-off versus Jordan Staal in Devils zone.
12:29 of 3rd period - Mike Fisher is hit by Shayne Gostisbehere.
12:36 of 3rd period - John-Michael Liles is hit by Scott Wilson and loses puck.
12:49 of 3rd period - Shot by Mike Fisher.
12:49 of 3rd period - Goal by Mike Fisher - Devils : 4 - Blues : 5.
12:50 of 3rd period - Darren Helm wins face-off versus Nick Cousins in neutral zone.
12:53 of 3rd period - Shot by Adam Pardy.
12:53 of 3rd period - Shot Misses the Net.
13:01 of 3rd period - Chris Wideman is hit by Darren Helm.
13:06 of 3rd period - Icing by Carl Gunnarsson.
13:07 of 3rd period - Pavel Zacha wins face-off versus Nick Cousins in Blues zone.
13:10 of 3rd period - Shot by Chris Terry.
13:10 of 3rd period - Shot Misses the Net.
13:13 of 3rd period - Icing by Chris Wideman.
13:14 of 3rd period - Darren Helm wins face-off versus Nick Cousins in Blues zone.
13:26 of 3rd period - Icing by Chris Wideman.
13:27 of 3rd period - Jordan Staal wins face-off versus Nick Cousins in Blues zone.
13:58 of 3rd period - Shot by Jordan Staal.
13:58 of 3rd period - Stopped by Ryan Miller with a rebound.
14:02 of 3rd period - Shot by Dustin Brown.
14:02 of 3rd period - Shot Misses the Net.
14:56 of 3rd period - Off-side.
14:57 of 3rd period - Jay McClement wins face-off versus Boyd Gordon in neutral zone.
15:42 of 3rd period - Shot by Jordan Staal.
15:42 of 3rd period - Stopped by Ryan Miller with a rebound.
15:44 of 3rd period - Shot by Jordan Staal.
15:44 of 3rd period - Stopped by Ryan Miller with a rebound.
15:46 of 3rd period - Shot by Jordan Staal.
15:46 of 3rd period - Shot Misses the Net.
15:48 of 3rd period - Shot by Dustin Brown.
15:48 of 3rd period - Shot Blocked by Matt Irwin.
15:50 of 3rd period - Shot by Dustin Brown.
15:50 of 3rd period - Stopped by Ryan Miller without a rebound.
15:51 of 3rd period - Pavel Zacha wins face-off versus Marian Hossa in Blues zone.
15:51 of 3rd period - Anton Stralman is hit by Niklas Kronwall and loses puck.
16:10 of 3rd period - Shot by Rick Nash.
16:10 of 3rd period - Stopped by Jon Gillies with a rebound.
16:51 of 3rd period - Shot by Cal Clutterbuck.
16:51 of 3rd period - Shot Misses the Net.
16:53 of 3rd period - Shot by Jiri Hudler.
16:53 of 3rd period - Shot Blocked by Jordan Staal.
16:55 of 3rd period - Shot by Cal Clutterbuck.
16:55 of 3rd period - Stopped by Jon Gillies without a rebound.
16:56 of 3rd period - Darren Helm wins face-off versus Jay McClement in Devils zone.
17:47 of 3rd period - Shot by Cal Clutterbuck.
17:47 of 3rd period - Shot Blocked by Darren Helm.
17:49 of 3rd period - Shot by Cal Clutterbuck.
17:49 of 3rd period - Shot Misses the Net.
18:47 of 3rd period - Shot by Mike Cammalleri.
18:47 of 3rd period - Goal by Mike Cammalleri - Devils : 5 - Blues : 5.
18:48 of 3rd period - Ales Hemsky wins face-off versus Rick Nash in neutral zone.
18:58 of 3rd period - Niklas Kronwall is hit by Anton Stralman and loses puck.
19:09 of 3rd period - Shot by Mike Fisher.
19:09 of 3rd period - Stopped by Jon Gillies without a rebound.
19:10 of 3rd period - Pavel Zacha wins face-off versus Jay McClement in Devils zone.
Goals for this period are 2 for Devils vs 3 for Blues.
Shots for this period are 7 for Devils vs 11 for Blues.

Overtime #1


0:01 of 1st overtime period - Jordan Staal wins face-off versus Mike Fisher in neutral zone.
0:10 of 1st overtime period - Shot by Jordan Staal.
0:10 of 1st overtime period - Shot Misses the Net.
0:12 of 1st overtime period - Shot by Anton Stralman.
0:12 of 1st overtime period - Shot Misses the Net.
0:14 of 1st overtime period - Shot by Anton Stralman.
0:14 of 1st overtime period - Stopped by Ryan Miller without a rebound.
0:15 of 1st overtime period - Mike Cammalleri wins face-off versus Mike Fisher in Blues zone.
0:42 of 1st overtime period - Shot by Dustin Brown.
0:42 of 1st overtime period - Deflect By Mike Cammalleri.
0:42 of 1st overtime period - Stopped by Ryan Miller without a rebound.
0:43 of 1st overtime period - Jordan Staal wins face-off versus Marian Hossa in Blues zone.
1:59 of 1st overtime period - Shot by Mike Fisher.
1:59 of 1st overtime period - Stopped by Jon Gillies with a rebound.
2:35 of 1st overtime period - Shot by Nikolay Kulemin.
2:35 of 1st overtime period - Shot Blocked by Jay Bouwmeester.
3:43 of 1st overtime period - Shot by Dustin Brown.
3:43 of 1st overtime period - Shot Misses the Net.
3:49 of 1st overtime period - Shot by Mike Cammalleri.
3:49 of 1st overtime period - Shot Misses the Net.
3:51 of 1st overtime period - Shot by Justin Schultz.
3:51 of 1st overtime period - Stopped by Ryan Miller without a rebound.
3:52 of 1st overtime period - Jordan Staal wins face-off versus Marian Hossa in Blues zone.
3:53 of 1st overtime period - Shot by Nikolay Kulemin.
3:53 of 1st overtime period - Stopped by Ryan Miller without a rebound.
3:54 of 1st overtime period - Kris Versteeg wins face-off versus Jordan Staal in Blues zone.
4:05 of 1st overtime period - Shot by Drew Stafford.
4:05 of 1st overtime period - Stopped by Ryan Miller with a rebound.
4:07 of 1st overtime period - Shot by Drew Stafford.
4:07 of 1st overtime period - Shot Misses the Net.
4:17 of 1st overtime period - Shot by Jordan Staal.
4:17 of 1st overtime period - Shot Misses the Net.
4:19 of 1st overtime period - Shot by Dougie Hamilton.
4:19 of 1st overtime period - Stopped by Ryan Miller without a rebound.
4:20 of 1st overtime period - Mike Cammalleri wins face-off versus Cal Clutterbuck in Blues zone.
4:29 of 1st overtime period - Shot by Mike Cammalleri.
4:29 of 1st overtime period - Stopped by Ryan Miller without a rebound.
4:30 of 1st overtime period - Jordan Staal wins face-off versus Marian Hossa in Blues zone.
4:43 of 1st overtime period - Shot by Jordan Staal.
4:43 of 1st overtime period - Stopped by Ryan Miller without a rebound.
4:44 of 1st overtime period - Kris Versteeg wins face-off versus Darren Helm in Blues zone.
4:49 of 1st overtime period - Shot by Kris Versteeg.
4:49 of 1st overtime period - Stopped by Jon Gillies with a rebound.
Goals for this period are 0 for Devils vs 0 for Blues.
Shots for this period are 8 for Devils vs 2 for Blues.

ShootOut


5:00 of 1st overtime period - Penalty Shot by Jordan Staal for Devils.
5:00 of 1st overtime period - Goal by Jordan Staal.
5:00 of 1st overtime period - Penalty Shot by Mike Fisher for Blues.
5:00 of 1st overtime period - Goal by Mike Fisher.
5:00 of 1st overtime period - Penalty Shot by Dustin Brown for Devils.
5:00 of 1st overtime period - Stopped by Ryan Miller.
5:00 of 1st overtime period - Penalty Shot by Marian Hossa for Blues.
5:00 of 1st overtime period - Stopped by Jon Gillies.
5:00 of 1st overtime period - Penalty Shot by Mike Cammalleri for Devils.
5:00 of 1st overtime period - Stopped by Ryan Miller.
5:00 of 1st overtime period - Penalty Shot by Brian Gionta for Blues.
5:00 of 1st overtime period - Shot Misses the Net.
5:00 of 1st overtime period - Penalty Shot by Darren Helm for Devils.
5:00 of 1st overtime period - Shot Misses the Net.
5:00 of 1st overtime period - Penalty Shot by Rick Nash for Blues.
5:00 of 1st overtime period - Goal by Rick Nash.